 Dungeon Crawl Stone Soup version 0.11.0-9-gb634444 (webtiles) character file.

14040186 Yermak the Ninja (level 27, 156/156 HPs)
             Began as a Spriggan Air Elementalist on Oct 16, 2012.
             Was a High Priest of Okawaru.
             Escaped with the Orb
             ... and 15 runes on Oct 18, 2012!
             The game lasted 16:55:42 (112076 turns).

Yermak the Ninja (Spriggan Air Elementalist)      Turns: 112076, Time: 16:55:42

HP 156/156       AC 32     Str 13      XL: 27
MP  39/43        EV 43     Int 26      God: Okawaru [*****.]
Gold 15784       SH 22     Dex 31      Spells: 16 memorised, 13 levels left

Res.Fire  : + + .   See Invis. : +   a - +8 elf quick blade (freeze)
Res.Cold  : + + +   Warding    : .   G - +8 fire dragon armour
Life Prot.: . . .   Conserve   : .   O - +7 buckler "Xiutusun" {rElec rPois MR Stlt
Res.Poison: +       Res.Corr.  : .   N - +0 cap of Rotation {god gift, Str+5 Dam+3}
Res.Elec. : +       Clarity    : .   c - +2 cloak of the Midnight Sun {rC++ SInv St
Sust.Abil.: . .     Spirit.Shd : .   (gloves unavailable)
Res.Mut.  : +       Stasis     : .   (boots unavailable)
Res.Rott. : .       Ctrl.Telep.: x   j - amulet of resist mutation
Saprovore : . . .   Levitation : .   r - ring of Qeguwat {Wiz Dex+3 Int+5} Ctrl.Flight: .
                                     x - ring "Oraoximue" {rC++ AC+5 Dam+3}

@: very quick, incredibly resistant to hostile enchantments, very stealthy
A: unfitting armour, see invisible, berserk 1, deterioration 1, herbivore 3,
speed 3, -10% mp, slow healing 1, slow metabolism 2, wild magic 1, Str +4, Int
+2, Dex +1
a: Heroism, Finesse, Renounce Religion
}: 15/15 runes: serpentine, barnacled, slimy, silver, golden, iron, obsidian,
icy, bone, abyssal, demonic, glowing, magical, fiery, dark


You escaped.
You worshipped Okawaru.
Okawaru was exalted by your worship.
You were not hungry.

You visited 17 branches of the dungeon, and saw 109 of its levels.
You visited Pandemonium 1 time, and saw 33 of its levels.
You visited the Abyss 1 time.
You also visited: Labyrinth, Trove, Ice Cave and Volcano.

You collected 18314 gold pieces.
You spent 2550 gold pieces at shops.

Inventory:

Hand weapons
 a - a +8,+8 elven quick blade of freezing (weapon)
 b - the +12,+10 sword of Jihad {holy, *Rage rN+ MR EV+3 Stlth--}
   (You found it on level 6 of the Pits of Slime)

   It has been blessed by the Shining One to cause great damage to the undead
   and demons.
   It affects your evasion (+3).
   It protects you from negative energy.
   It increases your resistance to enchantments.
   It makes you angry.
   It makes you much less stealthy.
 f - a +1,+2 short sword of chaos
 l - the +10,+3 dagger "Miuwk" (quivered) {god gift, speed, rC+ rN+ Dex+2 Stlth++}
   (Okawaru gifted it to you on level 2 of the Realm of Zot)

   Attacks with this weapon take half as long, but cause slightly less damage.
   It affects your dexterity (+2).
   It protects you from cold.
   It protects you from negative energy.
   It makes you much more stealthy.
 q - the +7,+5 scimitar of Flaming Death {flame, rPois rF++ rC- MR}
   (You took it off a guardian mummy on level 3 of the Tomb of the Ancients)

   It emits flame when wielded, causing extra injury to most foes and up to
   double damage against particularly susceptible opponents.
   Big, fiery blades are also staple armaments of hydra-hunters.
   It greatly protects you from fire.
   It makes you vulnerable to cold.
   It protects you from poison.
   It increases your resistance to enchantments.
Missiles
 t - 2 throwing nets [frayed]
 u - 3 throwing nets
 H - a throwing net [torn]
Armour
 c - the +2 cloak of the Midnight Sun (worn) {rC++ SInv Stlth++}
   (You found it on level 3 of the Tomb of the Ancients)

   It greatly protects you from cold.
   It enhances your eyesight.
   It makes you much more stealthy.
 G - a +8 fire dragon armour (worn)
 N - the +0 cap of Rotation (worn) {god gift, Str+5 Dam+3}
   (Okawaru gifted it to you on level 4 of the Snake Pit)

   It affects your strength (+5).
   It affects your damage-dealing abilities (+3).
 O - the +7 buckler "Xiutusun" (worn) {rElec rPois MR Stlth++}
   (You found it on level 7 of Cocytus)

   It insulates you from electricity.
   It protects you from poison.
   It increases your resistance to enchantments.
   It makes you much more stealthy.
 W - the +5 buckler of Untruth {+Lev rC+}
   (You found it on level 24 of the Dungeon)

   It protects you from cold.
   It lets you levitate.
Magical devices
 D - a wand of disintegration (11)
 J - a wand of teleportation (8)
 P - a wand of hasting (8)
 S - a wand of disintegration (5)
 T - a wand of fire (6)
 X - a wand of fire (6)
Comestibles
 Q - 3 bread rations
 R - 7 bananas
Scrolls
 d - 2 scrolls of fog
 A - a scroll of teleportation
 B - a scroll of recharging
 E - 3 scrolls of blinking {blink}
Jewellery
 e - an uncursed ring of teleport control
 g - the amulet of Zeah {Clar Dex+4 Int-1}
   (You took it off a guardian mummy on level 3 of the Tomb of the Ancients)

   [amulet of clarity]

   It affects your intelligence (-1).
   It affects your dexterity (+4).
 h - the ring of Vitality {Regen HP+15}
   (You found it on level 5 of the Crypt)

   [ring of regeneration]

   It affects your health (+15).
 j - an amulet of resist mutation (around neck)
 k - an uncursed amulet of stasis
 m - an uncursed ring of protection from fire
 n - the ring "Xaod" {+Inv rC+ Int+4}
   (You found it on level 8 of the Vaults)

   [ring of protection from cold]

   It affects your intelligence (+4).
   It lets you turn invisible.
 p - an uncursed amulet of conservation
 r - the ring of Qeguwat (right hand) {Wiz Dex+3 Int+5}
   (You found it on level 22 of the Dungeon)

   [ring of wizardry]

   It affects your intelligence (+5).
   It affects your dexterity (+3).
 w - the ring of Ghifredy {Str+3 Dex+1 Int+3}
   (You found it on level 7 of Tartarus)

   [ring of dexterity]

   It affects your dexterity (+1).
   It affects your strength (+3).
   It affects your intelligence (+3).
 x - the ring "Oraoximue" (left hand) {rC++ AC+5 Dam+3}
   (You found it in Pandemonium)

   [ring of protection]

   It affects your AC (+5).
   It affects your damage-dealing abilities (+3).
   It greatly protects you from cold.
 y - an uncursed ring of poison resistance {rPois}
 L - the ring "Jomeh" {rElec AC+5 Dex-1 SInv}
   (You found it on level 6 of the Pits of Slime)

   [ring of protection]

   It affects your AC (+5).
   It affects your dexterity (-1).
   It insulates you from electricity.
   It enhances your eyesight.
 M - the amulet of Relativism {Ward Str+4 Int+2}
   (You took it off a deep elf fighter on level 3 of the Elven Halls)

   [amulet of warding]

   It affects your strength (+4).
   It affects your intelligence (+2).
 Y - the ring "Heutojay" {SustAb rC+}
   (You found it on level 6 of the Pits of Slime)

   [ring of sustain abilities]

   It protects you from cold.
 Z - a +6,+5 ring of slaying
Potions
 i - 4 potions of heal wounds
 s - 3 potions of restore abilities
 z - a potion of resistance
 K - a potion of invisibility
Orbs of Power
 o - the Orb of Zot
Miscellaneous
 F - a legendary deck of summonings {drawn: 5}


   Skills:
 - Level 20.0 Fighting
 O Level 27 Short Blades
 - Level 20.0 Long Blades
   Level 4.3 Crossbows
 - Level 20.0 Armour
 O Level 27 Dodging
 O Level 27 Stealth
 O Level 27 Stabbing
 - Level 10.5 Traps & Doors
 + Level 18.9 Spellcasting
 - Level 0.6 Conjurations
 - Level 8.6 Hexes
 - Level 5.0 Charms
 - Level 3.0 Necromancy
 - Level 20.0 Translocations
 - Level 10.0 Transmutations
 - Level 2.6 Air Magic
 - Level 20.0 Evocations


You had 13 spell levels left.
You knew the following spells:

 Your Spells              Type           Power        Failure   Level  Hunger
a - Shock                 Conj/Air       #####        4%          1    None
b - Controlled Blink      Tloc           N/A          2%          7    #####..
c - Passwall              Trmt/Erth      #######...   3%          3    None
d - Blink                 Tloc           N/A          1%          2    None
e - Passage of Golubria   Tloc           N/A          1%          4    None
f - Repel Missiles        Chrm/Air       #######...   2%          2    None
g - Phase Shift           Tloc           #########.   1%          5    None
i - Regeneration          Chrm/Necr      #######...   4%          3    None
j - Control Teleport      Chrm/Tloc      ########..   1%          4    None
k - Silence               Hex/Air        #######...   17%         5    None
l - Dig                   Trmt/Erth      #######..    10%         4    None
n - Flight                Chrm/Air       #######...   4%          3    None
o - Apportation           Tloc           #########.   1%          1    None
q - Fulsome Distillation  Trmt/Necr      N/A          1%          1    None
w - Cure Poison           Pois           ######....   10%         2    None
x - Confuse               Hex            ########.    1%          3    None


Dungeon Overview and Level Annotations

Branches:
Dungeon (27/27)            Temple (1/1) D:4             Orc (4/4) D:11
    Elf (3/3) Orc:4          Lair (8/8) D:8          Shoals (5/5) Lair:4
  Snake (5/5) Lair:4        Slime (6/6) Lair:8       Vaults (8/8) D:19
  Blade (0/1) Vaults:6      Crypt (5/5) Vaults:4       Tomb (3/3) Crypt:3
    Dis (7/7) Hell            Geh (7/7) Hell            Coc (7/7) Hell
    Tar (7/7) Hell            Zot (5/5) D:27

Altars:
Ashenzari
Cheibriados
Elyvilon
Fedhas
Kikubaaqudgha
Makhleb
Nemelex Xobeh
Okawaru
Sif Muna
Trog
Vehumet
Xom
Yredelemnul
Zin
the Shining One
Beogh

Shops:
D:4: %[!( D:8: ( D:17: ! D:18: ! D:25: ! Orc:1: * Orc:2: %*[!( Orc:4: [*[[ Elf:2: = Vaults:1: [ Vaults:5: ( Vaults:7: * Vaults:8: ( Abyss: ((((

Portals:
Dungeon: Abyss*
Hell: D:21 D:22 D:23 D:24 D:25 D:26 D:27
Abyss: D:21 D:25 D:26
Pandemonium: D:22 D:24

Annotations
Elf:3 zazu2006's ghost, powerful HEWz
Slime:2 exclusion: shining eye
Slime:4 exclusion: upstairs
Slime:6 exclusion: shining eye
Dis:7 Dispater
Geh:7 Asmodeus
Coc:7 Antaeus


Innate Abilities, Weirdness & Mutations

You are tiny and cannot use many weapons and most armour.
You have supernaturally acute eyesight.
You are a herbivore.
You cover ground extremely quickly.
You need consume almost no food.
You are agile (Dex +1).
You tend to lose your temper in combat.
Your mind is acute (Int +2).
Your body is slowly deteriorating.
Your magical capacity is low (-10% MP).
You heal slowly.
Your muscles are strong (Str +4).
Your spells are a little harder to cast, but a little more powerful.


Message History

Casting: Dig
Confirm with . or Enter, or press ? or * to list all spells.
Aiming: Dig
Press: ? - help, Shift-Dir - straight line, f - you
Okay, then.
Casting: Dig
Confirm with . or Enter, or press ? or * to list all spells.
Aiming: Dig
Press: ? - help, Shift-Dir - straight line The rock liquefies and sinks out of sight.
Casting: Dig
Confirm with . or Enter, or press ? or * to list all spells.
Aiming: Dig
Press: ? - help, Shift-Dir - straight line The rock liquefies and sinks out of sight.
There is a staircase leading out of the dungeon here.
Drink which item? (? for menu, Esc to quit)
You feel better. Are you sure you want to win?
You have escaped!

#.#...#######.###########
#.##...## #.# #.###...##
##.### #.# ##...###....#
####.# ##...#....<# #....#
##........#####
#.#########........#..>#
######................<.#####
.......########.@.^.....#
######.#### ###########
#....# ####.# ###### #.#
#....# #.# #....# #.# #....#
#.# #....######## #.#
#............


There were no monsters in sight!

Vanquished Creatures
  Gloorx Vloq (Pan)
  Mnoleg (Pan)
  the royal jelly (Slime:6)
  Ereshkigal (Tar:7)
  Lom Lobon (Pan)
  Khufu (Crypt:3)
  6 ancient liches
  2 orbs of fire the Serpent of Hell (Coc:7)
  25 greater mummies
  Saint Roka (Shoals:2)
  Boris (Vaults:4)
  A seraph (Pan)
  Norris (Snake:2)
  Mara (Elf:3)
  Margery (D:21)
  4 Killer Klowns
  Geryon (Hell)
  6 golden dragons
  A profane servitor (Abyss)
  2 pearl dragons (Pan)
  Xtahua (D:23)
  4 pandemonium lords (Pan)
  Frederick (D:21)
  An electric golem (Zot:5)
  9 liches
  8 Brimstone Fiends (Geh:7)
  5 Hell Sentinels (Dis:7)
  A hellephant (Zot:3)
  Nikola (Shoals:1)
  13 Orb Guardians (Zot:5)
  14 tentacled monstrosities
  Murray (Hell)
  3 deep elf blademasters
  9 storm dragons
  A titan (Vaults:8)
  14 acid blobs
  9 sphinxes
  Kirke (Snake:3)
  16 shadow dragons
  4 krakens
  Rupert (Lair:7)
  Agnes (Elf:3)
  12 Ice Fiends
  9 daevas
  Frances (Snake:3)
  Roxanne (Snake:1)
  A draconian knight (Abyss)
  Aizul (Snake:4)
  Ilsuiw (Shoals:5)
  15 Shadow Fiends
  2 draconian monks
  8 balrugs
  12 frost giants
  4 iron dragons (Dis:7)
  13 ghouls
  16 Executioners
  Wiglaf (Snake:4)
  4 ghost moths
  Louise (Elf:3)
  5 bone dragons
  8 azure jellies
  Maud (Vaults:5)
  3 orc warlords
  Gastronok (Lair:1)
  13 angels
  A kraken zombie (Crypt:4)
  46 stone giants
  2 draconian shifters
  A draconian zealot (Zot:2)
  6 fire giants
  A draconian annihilator (Zot:2)
  3 green draconians
  4 curse skulls
  8 deep elf annihilators (Elf:3)
  9 ophanim (Pan)
  4 grey draconians
  10 apis (Pan)
  8 greater nagas
  12 shedu (Pan)
  7 phoenixes (Pan)
  10 green deaths
  2 mottled draconians
  2 purple draconians
  2 red draconians (Zot:2)
  6 white draconians
  2 yellow draconians
  2 dire elephants (Zot:3)
  3 pale draconians
  7 blizzard demons
  7 deep elf death magi
  2 black draconians
  2 deep elf master archers (Elf:3)
  3 deep elf sorcerers
  38 reapers
  A minotaur (shapeshifter) (D:27)
  A titan skeleton (Pan)
  2 storm dragon zombies
  52 yaktaur captains
  7 minotaurs
  22 mummy priests
  3 sirens
  23 vault guards (Vaults:8)
  3 great orbs of eyes
  10 ettins
  A draconian (shapeshifter) (Vaults:1)
  16 dragons
  10 ice dragons
  6 merfolk aquamancers
  Fannar (Lair:3)
  9 hydras
  3 storm dragon skeletons
  Harold (Orc:3)
  Josephine (D:11)
  A ravenous item mimic (D:24)
  2 anaconda zombies
  6 lorocyprocas
  5 ravenous feature mimics
  3 death cobs
  2 merfolk javelineers (Shoals:5)
  A quicksilver dragon simulacrum (Crypt:2)
  An ice dragon (shapeshifter) (Vaults:8)
  2 anaconda skeletons
  4 anacondas
  2 golden dragon skeletons
  Nessos (D:16)
  16 ogre magi
  A shadow dragon zombie (Tar:5)
  5 rakshasas
  12 deep elf demonologists
  A sphinx zombie (Vaults:5)
  2 iron dragon zombies
  25 death yaks
  4 frost giant zombies
  12 hell hogs
  2 shadow dragon skeletons
  A fire giant zombie (D:24)
  3 deep elf high priests
  9 merfolk impalers
  A spectral iron dragon (Crypt:5)
  6 very ugly things
  The ghost of GLDimion the Thaumaturge, a powerful DEFE of Vehumet (D:12)
  6 stone giant zombies
  Urug (Snake:1)
  Nergalle (D:16)
  3 sphinx skeletons
  7 stone giant skeletons
  2 vapours
  3 catoblepae (Lair:8)
  7 deep trolls
  A spectral stone giant (D:24)
  2 frost giant skeletons (Geh:7)
  5 fire giant skeletons
  9 sun demons
  4 giant orange brains
  9 iron golems
  3 death drakes (shapeshifter)
  14 hell knights
  122 skeletal warriors
  20 shadow wraiths
  2 iron trolls
  19 centaur warriors
  2 alligator snapping turtle zombies
  A pale draconian zombie (Abyss)
  16 deep elf knights
  3 purple draconian zombies
  A red draconian zombie (Dis:1)
  16 ice devils
  24 naga warriors
  22 shadow demons
  3 unseen horrors
  A death yak zombie (Abyss)
  19 soul eaters
  15 flaming corpses
  10 cherubim (Pan)
  22 flayed ghosts
  4 grey draconian zombies
  2 iron troll zombies
  15 paladins (Pan)
  2 yellow draconian zombies (Abyss)
  32 large abominations
  11 sea snakes
  8 hellions
  2 ice statues
  10 wizards
  14 hill giants
  15 guardian serpents
  A redback zombie (Crypt:4)
  A purple draconian skeleton (Crypt:4)
  3 mottled draconian skeletons
  2 orc sorcerers
  A grey draconian skeleton (Abyss)
  2 pale draconian skeletons
  33 orc knights
  13 harpies
  2 hydra zombies
  A yellow draconian skeleton (Crypt:5)
  32 phantasmal warriors
  A hill giant (shapeshifter) (Vaults:6)
  2 green draconian skeletons
  An oklob plant (Lair:8)
  A spiny worm (shapeshifter) (D:27)
  8 crystal golems (D:16)
  An anaconda simulacrum (Crypt:2)
  A black draconian skeleton (Crypt:3)
  A white draconian skeleton (Abyss)
  18 giant amoebae
  A red wasp (D:21)
  4 griffons
  A harpy zombie (Geh:3)
  2 iron troll skeletons
  5 necromancers
  A wolf spider (Vaults:7)
  2 lindwurms (shapeshifter)
  A guardian serpent (shapeshifter) (Vaults:8)
  A minotaur zombie (Vaults:5)
  7 death drake zombies
  3 spiny worms
  12 sixfirhies
  A shining eye (shapeshifter) (Vaults:5)
  2 minotaur skeletons
  A dragon zombie (Zot:5)
  4 elf zombies
  2 stone golems (Abyss)
  Maurice (D:11)
  A siren skeleton (Abyss)
  12 ice dragon zombies
  5 trapdoor spider zombies
  A harpy skeleton (Crypt:5)
  2 shining eyes
  13 moths of wrath
  15 cyclopes
  2 elephant slugs
  A draconian zombie (Crypt:4)
  2 death drake skeletons
  An ettin zombie (D:19)
  A spiny worm zombie (Vaults:6)
  A fire crab (D:22)
  21 black mambas
  9 black mamba zombies
  2 eyes of devastation
  112 slime creatures
  16 tormentors
  3 ettin skeletons
  A guardian serpent skeleton (Crypt:5)
  6 ice dragon skeletons
  2 griffon skeletons
  A feature mimic (D:8)
  11 dragon skeletons
  2 alligator skeletons
  12 naga magi
  A slime creature (shapeshifter) (Vaults:8)
  9 spiny frogs
  34 smoke demons
  21 orange demons
  9 elephants
  10 mermaids
  17 rock trolls
  8 elves (shapeshifter)
  Psyche (D:11)
  A spriggan zombie (Tar:7)
  54 yaktaurs
  A hill giant zombie (Abyss)
  A giant firefly zombie (Coc:7)
  An alligator snapping turtle simulacrum (Crypt:3)
  105 guardian mummies
  A white draconian simulacrum (Crypt:5)
  25 hellwings
  79 ugly things
  5 wandering mushrooms
  9 trolls
  A giant leech zombie (Abyss)
  2 raven zombies
  2 black mamba skeletons (Geh:7)
  6 demonic crawlers (Pan)
  3 hill giant skeletons
  16 iron devils
  5 rock troll zombies
  4 komodo dragons
  4 human zombies (Vaults:5)
  A mottled draconian simulacrum (Tar:4)
  2 silent spectres
  An agate snail zombie (Crypt:4)
  19 polar bears
  A deep troll zombie (Vaults:3)
  A baby alligator zombie (Dis:7)
  4 deep troll skeletons
  31 two-headed ogres
  A two-headed ogre (shapeshifter) (Vaults:8)
  10 blink frogs
  2 snapping turtle zombies
  A trapdoor spider simulacrum (Tomb:2)
  A grizzly bear (shapeshifter) (Vaults:7)
  A spiny frog skeleton (Tomb:3)
  6 basilisks
  17 snapping turtles
  8 brown oozes
  8 elves (Vaults:5)
  A grizzly bear (Lair:5)
  An alligator simulacrum (Crypt:2)
  4 rotting hulks (Vaults:5)
  A swamp dragon zombie (Geh:7)
  A merfolk zombie (Coc:7)
  4 rock troll skeletons
  A snapping turtle (shapeshifter) (D:25)
  A bumblebee (D:27)
  A catoblepas simulacrum (Crypt:2)
  2 dragon simulacra
  22 blue devils
  15 vampires
  A human (shapeshifter) (Vaults:8)
  A baby alligator skeleton (Tar:4)
  A snapping turtle skeleton (Abyss)
  A blink frog skeleton (Tomb:3)
  5 hogs (Snake:3)
  A jumping spider (shapeshifter) (D:25)
  A merfolk skeleton (Abyss)
  A tarantella (shapeshifter) (Vaults:1)
  11 deep elf conjurers
  3 fire drakes
  33 wraiths
  59 merfolk
  2 golden eyes
  2 lindwurm skeletons
  3 wyverns
  A steam dragon (D:8)
  59 yaks
  6 chaos spawn
  A bumblebee (shapeshifter) (Vaults:1)
  7 fire crab zombies
  A golden eye (shapeshifter) (Vaults:6)
  19 metal gargoyles
  14 sharks
  19 hippogriffs
  22 ynoxinuls
  A hill giant simulacrum (Vaults:1)
  6 merfolk (shapeshifter)
  29 vampire mosquitoes
  5 molten gargoyles (Geh:7)
  A clay golem (Dis:2)
  2 rock worms
  20 neqoxecs
  11 deep elf summoners
  3 hog skeletons
  3 mottled dragons
  A queen ant simulacrum (Crypt:2)
  5 redbacks (Vaults:5)
  3 spatial vortices (Abyss)
  2 yaktaur zombies
  12 deep elf fighters
  6 war dogs
  12 water elementals
  A wyvern zombie (D:11)
  11 hungry ghosts
  A deep troll simulacrum (Crypt:2)
  2 hell hound zombies (Tar:6)
  2 manticores (shapeshifter)
  A boulder beetle (shapeshifter) (Vaults:8)
  3 yaktaur skeletons
  14 manticores
  4 sky beasts
  An orange crystal statue (D:16)
  31 freezing wraiths
  A soldier ant (D:18)
  48 necrophages
  2 tengu (Lair:1)
  40 orc warriors
  25 red devils
  A snapping turtle simulacrum (Crypt:2)
  10 deep elf priests
  6 boulder beetles
  6 kobold demonologists
  23 small abominations
  32 hell hounds
  A cyclops skeleton (Tomb:2)
  2 boulder beetle zombies
  3 manticore skeletons
  A yak zombie (D:18)
  A black bear (Lair:2)
  2 giant goldfish zombies
  14 ice beasts
  2 lindwurm simulacra (Crypt:2)
  A spectral shark (Tar:7)
  11 hell beasts
  9 phantoms
  2 giant goldfish
  4 boring beetles
  48 centaurs
  68 ogres
  A bear zombie (Crypt:5)
  3 elephant simulacra (Crypt:2)
  A troll skeleton (D:16)
  A giant goldfish skeleton (Coc:7)
  4 grizzly bear skeletons
  11 crocodiles
  Duvessa (D:9)
  A hippogriff skeleton (Crypt:3)
  105 nagas
  5 wargs
  3 brain worms (Abyss)
  10 deep elf magi
  9 giant slugs
  2 boring beetle zombies
  3 gnoll sergeants (D:5)
  2 octopode zombies
  9 big kobolds
  10 rotting devils
  2 agate snails
  8 wolves (IceCv)
  A fire crab simulacrum (Tomb:1)
  A war dog skeleton (Tar:3)
  An insubstantial wisp (Abyss)
  41 water moccasins
  2 soldier ant zombies (D:11)
  A wolf skeleton (Tomb:2)
  Blork the orc (Vaults:5)
  A black bear zombie (Crypt:3)
  3 eyes of draining
  7 water moccasin zombies (Snake:3)
  A human simulacrum (Crypt:2)
  A two-headed ogre skeleton (Crypt:4)
  9 giant frogs
  4 basilisk skeletons
  2 oklob saplings (D:14)
  A bear simulacrum (Crypt:2)
  9 jellyfish
  3 lava fish (Geh:7)
  61 wights
  7 electric eels
  A pulsating lump (shapeshifter) (Vaults:8)
  A fire bat (Abyss)
  A killer bee zombie (Tomb:2)
  3 big kobold zombies
  A giant frog simulacrum (Crypt:2)
  18 killer bees
  A pulsating lump (Slime:5)
  A dwarf skeleton (Crypt:4)
  3 big kobold skeletons
  An elf simulacrum (Crypt:2)
  13 big fish
  6 goliath beetles
  Dowan (D:9)
  A brain worm zombie (D:10)
  5 quasits
  A hound zombie (D:7)
  5 iguanas
  10 lava snakes
  A mottled dragon skeleton (Tomb:3)
  21 crimson imps
  24 iron imps
  5 scorpions
  36 shadows
  A spider zombie (Coc:1)
  A tengu skeleton (Abyss)
  A naga zombie (Crypt:3)
  3 gnoll shamans (D:5)
  A deep dwarf skeleton (Abyss)
  31 orc priests
  38 orc wizards
  13 hounds
  2 hound skeletons
  A naga skeleton (Crypt:4)
  10 porcupines
  16 orange rats
  18 deep elf soldiers
  5 orange rat zombies
  A crocodile simulacrum (Hell)
  7 worker ants
  2 kobold zombies
  3 orange rat skeletons (Hell)
  A spectral big fish (Tar:7)
  A big fish zombie (Coc:4)
  35 sheep
  A swamp drake skeleton (Crypt:3)
  A hound simulacrum (Crypt:2)
  Ijyb (Vaults:5)
  An ogre simulacrum (Crypt:2)
  16 jellies
  4 boggarts (Vaults:1)
  52 mummies
  24 gnolls
  77 flying skulls
  A steam dragon simulacrum (Crypt:2)
  39 adders
  68 green rats
  25 lemures
  An adder (shapeshifter) (D:27)
  A big fish simulacrum (Coc:4)
  5 giant centipedes
  A giant centipede zombie (Dis:7)
  4 adder zombies
  An iguana zombie (D:6)
  3 scorpion zombies
  11 shadow imps
  A sheep skeleton (Tomb:2)
  A sheep zombie (Dis:3)
  2 adder skeletons
  An electric eel skeleton (Coc:7)
  A giant mite (D:4)
  34 white imps
  An inept feature mimic (D:3)
  A halfling skeleton (Crypt:3)
  3 worms
  72 ufetubi
  8 giant eyeballs
  A bat skeleton (Coc:1)
  A giant mite zombie (Crypt:4)
  A gnoll zombie (Crypt:4)
  7 giant geckos
  A green rat skeleton (Crypt:2)
  A green rat zombie (Tar:7)
  14 oozes
  233 orcs
  5 giant cockroaches
  6 grey rats
  15 hobgoblins
  25 humans
  32 jackals
  44 kobolds
  8 quokkas
  5 ball pythons
  48 bats
  A giant gecko skeleton (Crypt:2)
  A giant newt (D:4)
  A giant newt simulacrum (Crypt:2)
  2 giant spores
  25 goblins
  A hobgoblin skeleton (Tar:7)
  2 hobgoblin zombies
  20 illusory rakshasas
  2 orc skeletons
  3 orc zombies
  A quokka skeleton (Dis:7)
  A quokka zombie (D:8)
  32 rats
  2 rat skeletons (Geh:7)
  A ballistomycete (D:8)
  A plant (Lair:2)
  2 tentacles (Crypt:4)
  A tentacle segment (Crypt:4)
  17 toadstools
4923 creatures vanquished.

Vanquished Creatures (others)
  A shadow dragon (D:27)
  A draconian knight (Zot:2)
  A deep elf death mage (Elf:3)
  A yaktaur captain (D:22)
  A draconian zombie (Zot:2)
  A large abomination (Pan)
  A flaming corpse (Tomb:1)
  A guardian serpent (Snake:5)
  A cyclops (Zot:5)
  A trapdoor spider zombie (Tomb:2)
  An orange demon (Zot:5)
  An ugly thing (Zot:5)
  A yaktaur (D:27)
  A spriggan (Zot:5)
  6 bumblebees (Zot:5)
  2 hogs (Zot:5)
  A molten gargoyle (Geh:7)
  A deep elf summoner (Elf:3)
  A hell hound (Tar:1)
  3 small abominations (Pan)
  2 rotting devils
  A naga (Snake:1)
  3 wargs
  2 wights
  A shadow (Geh:5)
  A quasit (Pan)
  A soldier ant simulacrum (Tomb:1)
  3 mummies
  An adder (Snake:3)
  A shadow imp (Pan)
  A giant centipede (Lair:1)
  3 ufetubi
  An ooze (Lair:8)
  5 orcs
  2 bats (Vaults:5)
  3 kobolds
  2 illusory rakshasas (Pan)
  A ballistomycete (D:10)
  2 butterflies (Abyss)
  8 fungi
  A plant (Crypt:5)
  30 tentacles
  99 tentacle segments
  15 toadstools
217 creatures vanquished.

Grand Total: 5140 creatures vanquished

Notes
Turn   | Place    | Note
--------------------------------------------------------------
     0 | D:1      | Yermak, the Spriggan Air Elementalist, began the quest for the Orb.
     0 | D:1      | Reached XP level 1. HP: 9/9 MP: 4/4
   130 | D:1      | Reached skill level 1 in Stabbing
   735 | D:2      | Reached XP level 2. HP: 13/13 MP: 6/6
   901 | D:2      | Reached skill level 4 in Stealth
   958 | D:2      | Reached XP level 3. HP: 16/16 MP: 9/9
  1217 | D:2      | Reached skill level 5 in Stealth
  1217 | D:2      | Reached XP level 4. HP: 15/21 MP: 1/11
  2063 | D:2      | Learned a level 2 spell: Repel Missiles
  2349 | D:4      | Found Shreine's Antique Armour Shoppe.
  2352 | D:4      | Found Streezoo's Food Shop.
  2383 | D:4      | Reached skill level 6 in Stealth
  2383 | D:4      | Reached XP level 5. HP: 24/24 MP: 8/13
  2468 | D:4      | Reached skill level 5 in Stabbing
  2633 | D:4      | Found Phibbev's Antique Weapon Boutique.
  2641 | D:4      | Bought a slimy dagger for 126 gold pieces
  2642 | D:4      | Identified the cursed dagger of the Whale {antimagic, *Rage +Lev MR} (You bought it in a shop on level 4 of the Dungeon)
  2671 | D:4      | Found Tebuub's Distillery.
  2673 | D:4      | Bought a potion of degeneration for 20 gold pieces
  2673 | D:4      | Bought a potion of paralysis for 10 gold pieces
  2755 | D:4      | Reached skill level 7 in Stealth
  2755 | D:4      | Reached XP level 6. HP: 15/28 MP: 1/16
  2890 | D:4      | Noticed a phantom
  3066 | D:3      | Learned a level 3 spell: Flight
  3583 | D:4      | Killed a phantom
  3735 | D:4      | Found a staircase to the Ecumenical Temple.
  3740 | Temple   | Entered the Ecumenical Temple
  3773 | Temple   | Became a worshipper of Warmaster Okawaru
  3862 | D:4      | Reached skill level 8 in Stealth
  4215 | D:5      | Entered Level 5 of the Dungeon
  4277 | D:5      | Reached XP level 7. HP: 29/32 MP: 9/18
  4492 | D:5      | Learned a level 2 spell: Blink
  4610 | D:5      | Found a deep blue altar of Sif Muna.
  4684 | D:5      | Acquired Okawaru's first power
  4805 | D:5      | Reached skill level 9 in Stealth
  5106 | D:5      | Reached XP level 8. HP: 36/36 MP: 12/22
  5257 | D:5      | Reached skill level 1 in Short Blades
  5924 | D:5      | Reached skill level 5 in Dodging
  6228 | D:6      | Found a radiant altar of Vehumet.
  6276 | D:6      | Found a glowing silver altar of Zin.
  6276 | D:6      | Paralysed by a giant eyeball for 4 turns
  6289 | D:6      | Paralysed by a giant eyeball for 4 turns
  6713 | D:6      | Reached skill level 10 in Stealth
  7233 | D:4      | Bought a slimy falchion for 144 gold pieces
  7234 | D:4      | Identified the cursed falchion "Jaysme" {slay orc, rC+ Str+4 Int+2} (You bought it in a shop on level 4 of the Dungeon)
  7363 | D:7      | Reached XP level 9. HP: 30/39 MP: 19/23
  8450 | D:8      | Gained mutation: You tend to lose your temper in combat. [potion of mutation]
  8450 | D:8      | Gained mutation: Your spells are a little harder to cast, but a little more powerful. [potion of mutation]
  8450 | D:8      | Gained mutation: Your muscles are strong (Str +1). [potion of mutation]
  8616 | D:8      | Killed a door mimic
  8616 | D:8      | Reached skill level 11 in Stealth
  8819 | D:8      | Gained mutation: Your mind is acute (Int +1). [potion of gain intelligence]
  8930 | D:8      | Dustman: покажи
  9251 | D:9      | Noticed Duvessa
  9251 | D:9      | Noticed Dowan
  9252 | D:9      | Killed Duvessa
  9266 | D:9      | Killed Dowan
  9321 | D:9      | Reached skill level 10 in Stabbing
  9321 | D:9      | Reached skill level 1 in Traps & Doors
  9321 | D:9      | Reached XP level 10. HP: 38/44 MP: 19/24
  9409 | D:8      | Paralysed by a giant eyeball for 4 turns
  9552 | D:8      | Found a staircase to the Lair.
  9563 | D:8      | Found Skiac's Weapon Shop.
  9677 | D:8      | Reached skill level 5 in Short Blades
  9743 | D:8      | Reached skill level 10 in Dodging
  9874 | D:9      | Got a shimmering wooden ring
 10120 | D:9      | Yermak: here you are
 10120 | D:9      | Dustman: покажи
 10120 | D:9      | Yermak: you artefact
 10525 | D:9      | Identified the ring "Cor Dose" {Dex+2} (You found it on level 9 of the Dungeon)
 10726 | Lair:1   | Entered Level 1 of the Lair of Beasts
 11139 | Lair:1   | Noticed Gastronok
 11170 | Lair:1   | Reached skill level 12 in Stealth
 11723 | Lair:2   | Acquired Okawaru's second power
 12884 | Lair:2   | Reached skill level 13 in Dodging
 12884 | Lair:2   | Reached XP level 11. HP: 47/47 MP: 6/25
 13033 | Lair:2   | Noticed a dragon
 13047 | Lair:2   | Killed a dragon
 13047 | Lair:2   | Reached skill level 5 in Traps & Doors
 13431 | Lair:3   | Found a basalt altar of Yredelemnul.
 13464 | Lair:3   | Learned a level 1 spell: Apportation
 13537 | Lair:2   | HP: 2/47 [poisoned by a black mamba]
 14042 | Lair:3   | Received a gift from Okawaru
 14255 | Lair:3   | Noticed Fannar
 14371 | Lair:3   | Killed Fannar
 14371 | Lair:3   | Reached skill level 14 in Dodging
 14463 | Lair:4   | Noticed a six-headed hydra
 14473 | Lair:4   | Killed a six-headed hydra
 14484 | Lair:4   | Found a dark tunnel.
 14491 | Volcano  | Entered a volcano
 14620 | Volcano  | Noticed a minotaur
 14627 | Volcano  | Killed a minotaur
 14702 | Lair:4   | Found a staircase to the Snake Pit.
 14743 | Lair:4   | Noticed a four-headed hydra
 14800 | Lair:4   | Found a labyrinth entrance.
 14813 | Lab      | Entered a labyrinth
 14986 | Lab      | Noticed a minotaur
 15420 | Lab      | Killed a minotaur
 15470 | Lab      | Got a steaming troll leather armour
 15481 | Lab      | Identified the cursed -1 troll leather armour of the First Snow (You found it in a labyrinth)
 15539 | Lair:4   | Reached skill level 15 in Dodging
 15650 | Lair:4   | Reached skill level 5 in Spellcasting
 15901 | Lair:1   | Killed Gastronok
 15901 | Lair:1   | Received a gift from Okawaru
 15901 | Lair:1   | Reached XP level 12. HP: 51/51 MP: 14/29
 16228 | Lair:4   | Killed a hydra
 16413 | Lair:4   | Found a staircase to the Shoals.
 16800 | Lair:5   | Reached skill level 1 in Charms
 16877 | Lair:5   | Received a gift from Okawaru
 16968 | Lair:5   | Reached skill level 1 in Translocations
 16987 | Lair:5   | Got a faintly glowing cap {god gift}
 16991 | Lair:5   | Identified the +0 cap of a bazaar {god gift} (Okawaru gifted it to you on level 5 of the Lair of Beasts)
 17236 | Lair:5   | Reached skill level 1 in Fighting
 17544 | Lair:5   | Reached skill level 16 in Dodging
 17712 | Lair:6   | Noticed a six-headed hydra
 17735 | Lair:6   | Killed a hydra
 17768 | Lair:6   | Reached skill level 15 in Stealth
 17940 | Lair:6   | Found a frozen archway.
 17941 | Lair:6   | Noticed an ice dragon
 17972 | Lair:6   | Killed an ice dragon
 18114 | IceCv    | Entered an ice cave
 18217 | IceCv    | Reached skill level 10 in Short Blades
 18245 | IceCv    | Reached skill level 5 in Charms
 18329 | IceCv    | Gained mutation: Your muscles are strong (Str +2). [potion of gain strength]
 18459 | IceCv    | Received a gift from Okawaru
 18477 | IceCv    | Gained mutation: Your muscles are strong (Str +3). [potion of gain strength]
 18478 | IceCv    | Gained mutation: Your muscles are strong (Str +4). [potion of gain strength]
 18524 | IceCv    | Reached XP level 13. HP: 49/58 MP: 29/32
 18626 | IceCv    | Reached skill level 5 in Translocations
 18786 | IceCv    | Noticed a frost giant
 18818 | IceCv    | Reached skill level 17 in Dodging
 18830 | IceCv    | Killed a frost giant
 18839 | IceCv    | Received a gift from Okawaru
 19461 | Lair:6   | Yermak: Hi
 19461 | Lair:6   | Yermak: Look at that
 19461 | Lair:6   | Yermak: 4 pots of gain Str in ice cave
 19461 | Lair:6   | Yermak: 3*
 19489 | Lair:7   | Yermak: Btw, there is tourney starting on Oct, 20th.
 19497 | Lair:7   | Noticed a six-headed hydra
 19508 | Lair:7   | Killed a five-headed hydra
 19560 | Lair:7   | Noticed Rupert
 19562 | Lair:7   | Killed Rupert
 19562 | Lair:7   | Reached skill level 10 in Spellcasting
 19645 | Lair:7   | Yermak: oops
 19645 | Lair:7   | Yermak: I was an idiot
 19645 | Lair:7   | Yermak: wearing 2 ice rings
 19645 | Lair:7   | Yermak: that fire drake could one-shot Me
 19918 | Lair:7   | Reached skill level 18 in Dodging
 20503 | Lair:7   | Reached skill level 5 in Fighting
 20503 | Lair:7   | Reached skill level 15 in Stabbing
 20540 | Lair:7   | Received a gift from Okawaru
 20541 | Lair:7   | Reached XP level 14. HP: 49/65 MP: 25/34
 20612 | Lair:8   | Entered Level 8 of the Lair of Beasts
 20688 | Lair:8   | Reached skill level 19 in Dodging
 21195 | Lair:8   | Received a gift from Okawaru
 21318 | Lair:8   | Found a staircase to the Slime Pits.
 21435 | Lair:8   | Identified a +4 rod of destruction [fire] (12/12) (You found it on level 8 of the Lair of Beasts)
 21780 | Lair:8   | Reached skill level 20 in Dodging
 21844 | Lair:8   | ZoFy: Meh, i'm not even watching, sorry.
 21924 | Lair:8   | Received a gift from Okawaru
 22610 | D:10     | Entered Level 10 of the Dungeon
 23056 | D:10     | Paralysed by a giant eyeball for 2 turns
 23809 | D:11     | Reached XP level 15. HP: 71/71 MP: 35/35
 23874 | D:11     | Noticed Maurice
 23884 | D:11     | Killed Maurice
 23915 | D:11     | Received a gift from Okawaru
 23919 | D:11     | Got a creamy pearl robe {god gift}
 23928 | D:11     | Identified the +1 robe of Oneusmiry {god gift} (Okawaru gifted it to you on level 11 of the Dungeon)
 23978 | D:11     | Noticed Josephine
 23998 | D:11     | Killed Josephine
 24054 | D:11     | Reached skill level 21 in Dodging
 24170 | D:11     | Found a staircase to the Orcish Mines.
 24270 | D:11     | Found a portal to a secret trove of treasure.
 24367 | D:11     | Learned a level 2 spell: Ensorcelled Hibernation
 24373 | D:11     | Noticed Psyche
 24384 | D:11     | Killed Psyche
 24520 | Orc:1    | Entered Level 1 of the Orcish Mines
 24769 | Orc:2    | Found Qazxasm's Food Boutique.
 24895 | Orc:2    | Found Yvalian's General Store.
 24902 | Orc:2    | Bought a scroll of identify for 28 gold pieces
 24972 | Orc:1    | Found a roughly hewn altar of Beogh.
 25019 | Orc:1    | Found Truomudgh's Assorted Antiques.
 25235 | Orc:2    | Found Thrasub's Antique Armour Emporium.
 25272 | Orc:2    | Bought a runed cloak for 26 gold pieces
 25345 | Orc:3    | Found a burning altar of Makhleb.
 25509 | Orc:2    | Found Bluyneg's Antique Weapon Shop.
 25644 | Orc:4    | Entered Level 4 of the Orcish Mines
 25685 | Orc:4    | Reached skill level 1 in Evocations
 25843 | Orc:4    | Found Seur's Armour Emporium.
 25843 | Orc:4    | Found Ecaga's Armour Shop.
 25846 | Orc:4    | Found Koankuc's Antique Armour Boutique.
 25846 | Orc:4    | Found Qibis' General Store.
 26270 | Orc:4    | Bought the +3 cloak of Flash {+Lev EV+4} for 690 gold pieces
 26276 | Orc:4    | Bought a runed robe for 17 gold pieces
 26276 | Orc:4    | Bought a runed robe for 17 gold pieces
 26377 | Orc:4    | Found a glowing silver altar of Zin.
 26560 | Orc:4    | Found a staircase to the Elven Halls.
 26785 | Orc:3    | Reached skill level 5 in Evocations
 26830 | Orc:3    | Found an iron altar of Okawaru.
 26923 | Orc:3    | Noticed Harold
 26938 | Orc:3    | Killed Harold
 26976 | Orc:2    | Found Dafuxes' Distillery.
 27425 | Orc:3    | Yermak: shit
 27572 | Lair:1   | ZoFy: I wonder what you'll do with this.
 27855 | Lair:1   | Yermak: this
 27880 | Lair:1   | Yermak: I wonder what I have to do with my angry mutation
 27881 | Lair:1   | Yermak: Here is the plan:
 27881 | Lair:1   | Yermak: I will train long blades in hope that Oka give Me autumn katana
 28061 | D:12     | Got a warped dagger
 28062 | D:12     | Identified the dagger of Wrongful Imprisonment {venom, rElec rN+} (You found it on level 12 of the Dungeon)
 28063 | D:12     | ZoFy: Ehm, good luck then.
 28064 | D:12     | Yermak: thank you
 28080 | D:12     | Noticed GLDimion's ghost (powerful DEFE)
 28080 | D:12     | Yermak: I HATE FEs
 28430 | D:12     | Killed GLDimion's ghost
 29146 | D:12     | Received a gift from Okawaru
 29146 | D:12     | Reached skill level 1 in Hexes
 29236 | D:13     | Reached skill level 1 in Long Blades
 29445 | D:13     | Yermak: мило
 29445 | D:13     | Gained mutation: Your muscles are strong (Str +5). [potion of gain strength]
 30096 | D:14     | Entered Level 14 of the Dungeon
 30288 | D:14     | Yermak: it seems that I have to burn this
 30379 | D:14     | Yermak: nope
 30426 | D:14     | Found a blossoming altar of Fedhas.
 30504 | D:14     | Yermak: More fruit for my angry diet
 31132 | D:15     | Entered Level 15 of the Dungeon
 31183 | D:15     | Reached skill level 22 in Dodging
 31419 | D:15     | Reached XP level 16. HP: 64/77 MP: 37/37
 31777 | D:15     | Reached skill level 5 in Long Blades
 32211 | Shoals:1 | Entered Level 1 of the Shoals
 32345 | Shoals:1 | Noticed Nikola
 32405 | Shoals:1 | Killed Nikola
 32476 | Shoals:1 | Received a gift from Okawaru
 33015 | Shoals:2 | Learned a level 2 spell: Fire Brand
 33335 | Shoals:2 | Noticed Saint Roka
 33379 | Shoals:2 | Killed Saint Roka
 33379 | Shoals:2 | Received a gift from Okawaru
 33379 | Shoals:2 | Reached skill level 5 in Hexes
 33380 | Shoals:2 | Got a dazzling steam dragon armour {god gift}
 33553 | Shoals:2 | Noticed a kraken
 33557 | Shoals:2 | Identified the +1 steam dragon armour "Xek Hukk" {god gift} (Okawaru gifted it to you on level 2 of the Shoals)
 33588 | Shoals:2 | Killed a kraken
 33764 | Shoals:3 | Reached XP level 17. HP: 83/83 MP: 38/38
 34045 | Shoals:3 | Noticed a kraken
 34057 | Shoals:3 | Killed a kraken
 34057 | Shoals:3 | Reached skill level 23 in Dodging
 34212 | Shoals:4 | Noticed a kraken
 34233 | Shoals:4 | Killed a kraken
 34235 | Shoals:4 | Received a gift from Okawaru
 34236 | Shoals:4 | Got a faintly humming robe {god gift}
 34260 | Shoals:4 | nago: I'd eat
 34264 | Shoals:4 | Yermak: Yeah, I know
 34264 | Shoals:4 | Yermak: That mutation
 34264 | Shoals:4 | nago: uh, nice for a Sp xD
 34264 | Shoals:4 | Yermak: I have to eat in that way to keep very hungry status
 34272 | Shoals:4 | nago: no clarity?
 34272 | Shoals:4 | Yermak: Yep
 34272 | Shoals:4 | Yermak: My plan is to raise Long blades skill to get autumn katana from Oka
 34283 | Shoals:4 | nago: lol, good luck xD
 34285 | Shoals:4 | Yermak: thank you
 34314 | Shoals:4 | Yermak: grapes are good
 34771 | Shoals:5 | Entered Level 5 of the Shoals
 34771 | Shoals:5 | Noticed Ilsuiw
 34779 | Shoals:5 | Killed Ilsuiw
 34903 | Shoals:5 | Got a barnacled rune of Zot
 34916 | Shoals:5 | Noticed a kraken
 34944 | Shoals:5 | Killed a kraken
 34960 | Shoals:5 | Identified the +1 robe "Blaemiashre" {god gift} (Okawaru gifted it to you on level 4 of the Shoals)
 35068 | Shoals:5 | Reached skill level 10 in Long Blades
 35124 | Shoals:5 | Received a gift from Okawaru
 35149 | Shoals:5 | Got a brightly glowing cloak {god gift}
 35153 | Shoals:5 | Identified the +0 cloak of the Echidna {god gift} (Okawaru gifted it to you on level 5 of the Shoals)
 35974 | Snake:1  | Entered Level 1 of the Snake Pit
 36007 | Snake:1  | Noticed Roxanne
 36014 | Snake:1  | Noticed Urug
 36053 | Snake:1  | Killed Urug
 36053 | Snake:1  | Reached XP level 18. HP: 88/88 MP: 30/39
 36500 | Snake:1  | Reached skill level 24 in Dodging
 36824 | Snake:2  | Noticed Norris
 36832 | Snake:2  | Killed Norris
 36834 | Snake:2  | Got an ichor-stained buckler
 36840 | Snake:2  | Identified the cursed -4 buckler of Ramad (You took it off Norris on level 2 of the Snake Pit)
 36840 | Snake:2  | Yermak: Artefact buclker on Chuck
 36840 | Snake:2  | Yermak: interesting
 37721 | Snake:3  | Noticed Kirke
 37731 | Snake:3  | Killed Kirke
 37731 | Snake:3  | Received a gift from Okawaru
 38044 | Snake:3  | Noticed Frances
 38051 | Snake:3  | Killed Frances
 38553 | Snake:4  | Received a gift from Okawaru
 38557 | Snake:4  | Got an ichor-stained cap {god gift}
 38582 | Snake:4  | Identified the +0 cap of Rotation {god gift} (Okawaru gifted it to you on level 4 of the Snake Pit)
 38748 | Snake:4  | Noticed Wiglaf
 38873 | Snake:4  | Noticed Aizul
 38894 | Snake:4  | Killed Aizul
 38964 | Snake:4  | Killed Wiglaf
 39112 | Snake:5  | Entered Level 5 of the Snake Pit
 39723 | Snake:5  | Found a radiant altar of Vehumet.
 40376 | Snake:5  | Reached XP level 19. HP: 90/94 MP: 37/39
 40567 | Snake:5  | Got a serpentine rune of Zot
 40673 | Snake:5  | Jagang: how did he do that move command?
 40674 | Snake:5  | Yermak: What?
 40763 | Snake:5  | Reached skill level 10 in Fighting
 41062 | Snake:5  | Reached skill level 25 in Dodging
 41127 | Snake:5  | Received a gift from Okawaru
 41526 | Lair:1   | Learned a level 3 spell: Confuse
 41675 | Snake:1  | Killed Roxanne
 41686 | Snake:1  | Learned a level 4 spell: Dig
 41928 | Slime:1  | Entered Level 1 of the Pits of Slime
 41930 | Slime:1  | Noticed an acid blob
 41934 | Slime:1  | Noticed an acid blob
 42139 | Slime:3  | Noticed an acid blob
 42188 | Slime:3  | Killed an acid blob
 42201 | Slime:2  | Noticed an acid blob
 42202 | Slime:2  | Killed an acid blob
 42207 | Slime:2  | Received a gift from Okawaru
 42265 | Slime:3  | Paralysed by a giant eyeball for 3 turns
 42274 | Slime:3  | Paralysed by a giant eyeball for 4 turns
 42438 | Slime:5  | Noticed an acid blob
 42447 | Slime:5  | Killed an acid blob
 42450 | Slime:5  | Yermak: I like the rate of xp gain here.
 42486 | Slime:4  | Noticed an acid blob
 42492 | Slime:4  | Killed an acid blob
 42507 | Slime:5  | Yermak: laaags
 42652 | Slime:6  | Entered Level 6 of the Pits of Slime
 42652 | Slime:6  | Noticed an acid blob
 42655 | Slime:6  | Killed an acid blob
 42676 | Slime:6  | sirdond: hi
 42676 | Slime:6  | Yermak: Hi
 42689 | Slime:6  | Noticed an acid blob
 42715 | Slime:6  | Reached XP level 20. HP: 90/100 MP: 40/40
 42716 | Slime:6  | Yermak: Sirdond, what do you think of my plan:
 42716 | Slime:6  | Yermak: I have this nasty mutation
 42716 | Slime:6  | Yermak: So I decide to train Long blaids to get autumn katan from Oka
 42762 | Slime:6  | Killed an acid blob
 42769 | Slime:5  | Noticed an acid blob
 42770 | Slime:5  | sirdond: and why do you thunk oka will gift you the katana? :)
 42770 | Slime:5  | sirdond: think*
 42770 | Slime:5  | Yermak: Because he's nice?
 42773 | Slime:5  | sirdond: well
 42801 | Slime:6  | sirdond: in my games he is giving a lot more weapon gifts than armour
 42805 | Slime:6  | Noticed an acid blob
 42810 | Slime:6  | sirdond: so you have a chance
 42824 | Slime:6  | Noticed an acid blob
 42825 | Slime:6  | Killed an acid blob
 42846 | Slime:6  | Killed an acid blob
 42848 | Slime:6  | ZoFy: I predict an amulet of clarity being among Slime:6 loot.
 42849 | Slime:6  | Yermak: I hope
 42860 | Slime:6  | Noticed an acid blob
 42861 | Slime:6  | Yermak: But I hoep more for autumn katan
 42861 | Slime:6  | Yermak: a
 42872 | Slime:6  | sirdond: my last game had no useful item in the slime 6 vault
 42875 | Slime:6  | sirdond: :(
 42881 | Slime:6  | Killed an acid blob
 42901 | Slime:6  | Noticed an acid blob
 42966 | Slime:6  | Noticed an acid blob
 42969 | Slime:6  | Killed an acid blob
 42972 | Slime:6  | Killed an acid blob
 42991 | Slime:6  | ZoFy: here it is
 43032 | Slime:6  | sirdond: will you guys play on the tourney?
 43032 | Slime:6  | Yermak: I will
 43051 | Slime:6  | ZoFy: don't think so
 43071 | Slime:6  | Noticed an acid blob
 43080 | Slime:6  | Killed an acid blob
 43206 | Slime:5  | Noticed an acid blob
 43208 | Slime:5  | Noticed an acid blob
 43237 | Slime:5  | Killed an acid blob
 43259 | Slime:5  | Killed an acid blob
 43275 | Slime:6  | Noticed the royal jelly
 43275 | Slime:6  | Yermak: heh
 43283 | Slime:6  | ZoFy: be ready to tele
 43283 | Slime:6  | Yermak: :)
 43284 | Slime:6  | Killed the royal jelly
 43284 | Slime:6  | Received a gift from Okawaru
 43295 | Slime:6  | Yermak: don't forget that twisted abre
 43308 | Slime:6  | Yermak: hmm
 43308 | Slime:6  | Yermak: Fun
 43308 | Slime:6  | ZoFy: lol, more rage
 43340 | Slime:6  | Got a glistering book
 43344 | Slime:6  | Identified the Disquisition on Frigorific Enchantment (You found it on level 6 of the Pits of Slime)
 43393 | Slime:6  | Got a slimy rune of Zot
 43396 | Slime:6  | Got a brightly glowing glass ring
 43455 | Slime:6  | Yermak: no amulet
 43477 | Slime:6  | ZoFy: Well, call me when you start raiding zigs for clarity, lol.
 43486 | Slime:6  | Got a flickering iron ring
 43492 | Slime:6  | Got a slimy marble ring
 43503 | Slime:6  | Identified the ring "Jomeh" (You found it on level 6 of the Pits of Slime)
 43529 | Slime:6  | Got a twisted sabre {god gift}
 43552 | Slime:4  | Identified the ring "Psimorel" (You found it on level 6 of the Pits of Slime)
 43810 | Lair:1   | Learned a level 1 spell: Fulsome Distillation
 43821 | Lair:1   | Learned a level 3 spell: Passwall
 43825 | Lair:1   | Identified the sabre of the Eel {god gift, drain, Int+4} (Okawaru gifted it to you on level 6 of the Pits of Slime)
 44017 | Elf:1    | Entered Level 1 of the Elven Halls
 44152 | Elf:1    | Reached skill level 1 in Transmutations
 44397 | Elf:1    | Found a radiant altar of Vehumet.
 44953 | Elf:2    | Got a twisted robe
 45020 | Elf:2    | Identified the ring "Heutojay" (You found it on level 6 of the Pits of Slime)
 45071 | Elf:2    | Found Wiurgh's Jewellery Emporium.
 45076 | Elf:2    | Yermak: damn
 45076 | Elf:2    | Yermak: Buy amulet of rage, wield Juhad and worship Trog
 45492 | Elf:3    | Entered Level 3 of the Elven Halls
 45494 | Elf:3    | Yermak: Yes!
 45494 | Elf:3    | Yermak: possibility of qb of chaos!
 45833 | Elf:3    | Noticed Mara
 45840 | Elf:3    | Noticed zazu2006's ghost (powerful HEWz)
 45840 | Elf:3    | Killed Mara
 45840 | Elf:3    | Received a gift from Okawaru
 45840 | Elf:3    | Reached XP level 21. HP: 104/104 MP: 37/41
 46021 | Elf:3    | Found a shimmering altar of Xom.
 46022 | Elf:3    | Yermak: 2 simple qbs
 46089 | Elf:3    | Identified the +2 robe of Love and Death (You found it on level 2 of the Elven Halls)
 46154 | Elf:3    | Noticed Agnes
 46156 | Elf:3    | Killed Agnes
 46184 | Elf:3    | Got a torn book
 46185 | Elf:3    | Identified the Tome of Flying Confrontation (You found it on level 3 of the Elven Halls)
 46357 | Elf:3    | Noticed Louise
 46379 | Elf:3    | Killed Louise
 46488 | Elf:3    | Noticed a deep elf blademaster
 46493 | Elf:3    | Noticed a deep elf blademaster
 46534 | Elf:3    | Killed a deep elf blademaster
 46545 | Elf:3    | sirdond: it wont torment you if elves are in sight
 46545 | Elf:3    | Yermak: Hm
 46545 | Elf:3    | Yermak: 0.11 change?
 46545 | Elf:3    | sirdond: no
 46545 | Elf:3    | Yermak: then it will
 46561 | Elf:3    | Yermak: I'm stupid
 46566 | Elf:3    | sirdond: lucky :)
 46566 | Elf:3    | Yermak: 46 EV isn't a joke
 46567 | Elf:3    | sirdond: true
 46571 | Elf:3    | Yermak: fuck
 46571 | Elf:3    | sirdond: uh
 46578 | Elf:3    | Yermak: that was close
 46730 | Elf:3    | sirdond: hmm, what are these footsteps you left behind?
 46736 | Elf:3    | sirdond: never seen it
 46736 | Elf:3    | Yermak: an option in rc file
 46736 | Elf:3    | Yermak: auto-explore trail
 46751 | Elf:3    | sirdond: oh, neat
 46752 | Elf:3    | sirdond: thanks
 46752 | Elf:3    | Yermak: yeah
 46790 | Elf:3    | Received a gift from Okawaru
 46791 | Elf:3    | Got a jewelled wizard hat {god gift}
 46803 | Elf:3    | Identified the +2 wizard hat of the Camelopard {god gift} (Okawaru gifted it to you on level 3 of the Elven Halls)
 46886 | Elf:3    | Killed a deep elf blademaster
 46888 | Elf:3    | Reached skill level 5 in Transmutations
 47222 | Elf:3    | Got a glittering tin amulet
 47696 | Elf:3    | Got a pitted dagger
 47697 | Elf:3    | Identified the dagger "Twounia" {elec, rPois} (You took it off a deep elf demonologist on level 3 of the Elven Halls)
 47813 | Elf:3    | Got a glistering book
 47814 | Elf:3    | Identified Voacy's Handbook of Torrid Confrontation (You found it on level 3 of the Elven Halls)
 47816 | Elf:3    | Got an inconspicuous book
 47817 | Elf:3    | Identified the Disquisition on Confrontation and Moulding (You found it on level 3 of the Elven Halls)
 47837 | Elf:3    | Got a polished trident
 47841 | Elf:3    | Identified the trident "Smeocoor" {holy, Str-5} (You found it on level 3 of the Elven Halls)
 47897 | Elf:3    | Learned a level 2 spell: Freezing Aura
 47901 | Elf:3    | Learned a level 3 spell: Regeneration
 48739 | D:16     | Noticed Nessos
 48783 | D:16     | Reached skill level 1 in Armour
 48816 | D:16     | Noticed Nergalle
 48821 | D:16     | Killed Nergalle
 49147 | D:16     | Found a white marble altar of Elyvilon.
 49168 | D:16     | Killed Nessos
 49168 | D:16     | Received a gift from Okawaru
 49312 | D:17     | Found Ozxinovu's Distillery.
 50014 | D:17     | Reached XP level 22. HP: 109/109 MP: 41/41
 50217 | D:18     | Found Gruore Lionn's Distillery.
 50251 | D:18     | Bought a potion of cure mutation for 490 gold pieces
 50279 | D:18     | Identified the amulet of Relativism (You took it off a deep elf fighter on level 3 of the Elven Halls)
 50418 | D:18     | Found a blossoming altar of Fedhas.
 50517 | D:18     | Got a torn book
 50548 | D:18     | Identified the Almanac of the Snowflakes and Conjuration (You found it on level 18 of the Dungeon)
 51032 | Trove    | Entered a treasure trove
 51041 | Trove    | Got a fine cloak
 51051 | Trove    | Got a faintly humming cloak
 51053 | Trove    | Got a fine robe
 51060 | Trove    | Yermak: One unrandart cloak is left.
 51102 | D:11     | Identified the cursed +1 robe of Aghiaq (You found it in a treasure trove)
 51218 | Lair:1   | Identified the +1 cloak "Yciwef" (You found it in a treasure trove)
 51226 | Lair:1   | Identified the +1 cloak of Jerimnuf (You found it in a treasure trove)
 51226 | Lair:1   | Yermak: that is hilarious
 51226 | Lair:1   | Yermak: I'm with own Str 4
 51226 | Lair:1   | Yermak: Can have 25 Str
 51226 | Lair:1   | Yermak: actually, 29
 51267 | Lair:1   | Yermak: no, I can have 31 Str
 51551 | D:19     | Found a staircase to the Vaults.
 51729 | D:19     | Found a shattered altar of Ashenzari.
 52601 | Vaults:1 | Entered Level 1 of the Vaults
 52696 | Vaults:1 | Received a gift from Okawaru
 52741 | Vaults:1 | Got a distressingly furry robe {god gift}
 52866 | Vaults:1 | Found Ituug's Armour Boutique.
 53361 | Vaults:1 | Identified the +1 robe of Immorality {god gift} (Okawaru gifted it to you on level 1 of the Vaults)
 54072 | Vaults:2 | Reached skill level 15 in Short Blades
 54888 | Vaults:4 | Noticed Boris
 54922 | Vaults:4 | Found a staircase to the Crypt.
 55095 | Vaults:4 | Killed Boris
 55095 | Vaults:4 | Received a gift from Okawaru
 55095 | Vaults:4 | Reached skill level 26 in Stealth
 55342 | Vaults:5 | Found Oxieteta's Weapon Shoppe.
 55488 | Vaults:5 | Noticed a golden dragon
 55537 | Vaults:5 | Killed a golden dragon
 55561 | Vaults:5 | Reached XP level 23. HP: 110/114 MP: 42/42
 55569 | Vaults:5 | Noticed Maud
 55638 | Vaults:5 | Killed Maud
 55910 | Vaults:5 | Received a gift from Okawaru
 56222 | Vaults:5 | Noticed Ijyb
 56226 | Vaults:5 | Noticed Blork the orc
 56242 | Vaults:5 | Killed Ijyb
 56283 | Vaults:5 | Killed Blork the orc
 56504 | Vaults:5 | Reached skill level 1 in Necromancy
 56922 | Vaults:6 | Reached skill level 5 in Armour
 56955 | Vaults:6 | Reached skill level 27 in Stealth
 57253 | Vaults:6 | Found a staircase to the Hall of Blades.
 57593 | Vaults:7 | Found Maog's Assorted Antiques.
 57613 | Vaults:7 | Bought 2 scrolls of identify for 160 gold pieces
 58273 | Vaults:7 | Found a glowing golden altar of the Shining One.
 58313 | Vaults:7 | Received a gift from Okawaru
 58320 | Vaults:7 | Got a warped robe {god gift}
 58330 | Vaults:7 | Identified the +0 robe of the Elephant {god gift} (Okawaru gifted it to you on level 7 of the Vaults)
 59017 | Lair:1   | Your ally Chanel Sku died
 59060 | Lair:1   | Was placed under penance by Okawaru
 59127 | Lair:1   | Your ally Roomirch died
 59629 | Vaults:8 | Entered Level 8 of the Vaults
 59629 | Vaults:8 | Noticed a golden dragon
 59735 | Vaults:8 | Was forgiven by Okawaru
 59938 | Vaults:8 | Reached XP level 24. HP: 117/119 MP: 42/42
 60605 | Vaults:8 | Received a gift from Okawaru
 60633 | Vaults:8 | Got a scintillating wooden ring
 60670 | Vaults:8 | Identified the ring "Xaod" (You found it on level 8 of the Vaults)
 60670 | Vaults:8 | Identified a scroll of acquirement
 60881 | Vaults:8 | Killed a golden dragon
 60910 | Vaults:8 | Found Ymiefuh's Weapon Shoppe.
 61221 | Vaults:8 | Noticed a golden dragon
 61451 | Vaults:8 | Noticed a golden dragon
 61453 | Vaults:8 | Killed a golden dragon
 61453 | Vaults:8 | Reached skill level 27 in Dodging
 61474 | Vaults:8 | Noticed an ancient lich
 61481 | Vaults:8 | Killed an ancient lich
 61588 | Vaults:8 | Killed a golden dragon
 61658 | Vaults:8 | Received a gift from Okawaru
 61756 | Vaults:8 | Yermak: where is fucking rune?
 61833 | Vaults:8 | Got a silver rune of Zot
 62194 | Orc:2    | Bought a snozzcumber for 4 gold pieces
 62194 | Orc:2    | Bought an apple for 8 gold pieces
 62194 | Orc:2    | Bought a choko for 4 gold pieces
 62194 | Orc:2    | Bought a choko for 4 gold pieces
 62194 | Orc:2    | Bought a choko for 4 gold pieces
 62647 | D:20     | Entered Level 20 of the Dungeon
 63372 | D:21     | Noticed Margery
 63379 | D:21     | Noticed Frederick
 63381 | D:21     | Killed Margery
 63388 | D:21     | Found a gateway to Hell.
 63391 | D:21     | Killed Frederick
 63473 | D:21     | Received a gift from Okawaru
 63474 | D:21     | Got an iridescent dagger {god gift}
 63475 | D:21     | Identified the dagger of Strequij {god gift, elec, rF+} (Okawaru gifted it to you on level 21 of the Dungeon)
 63905 | D:21     | Found a one-way gate to the infinite horrors of the Abyss.
 64203 | D:22     | Reached XP level 25. HP: 108/123 MP: 43/43
 64586 | D:22     | Found a one-way gate leading to the halls of Pandemonium.
 64945 | D:22     | Received a gift from Okawaru
 64957 | D:22     | Got a warped platinum ring
 64966 | D:22     | Identified the ring of Qeguwat (You found it on level 22 of the Dungeon)
 65251 | D:23     | Noticed Xtahua
 65276 | D:23     | Killed Xtahua
 65410 | D:23     | Reached skill level 10 in Armour
 65905 | D:24     | Received a gift from Okawaru
 66874 | D:24     | Received a gift from Okawaru
 66875 | D:24     | Got a smoking short sword {god gift}
 66876 | D:24     | Identified the short sword "Qeisu" {god gift, speed, +Rage rC- rN+ MR Str-2 SInv} (Okawaru gifted it to you on level 24 of the Dungeon)
 66894 | D:24     | Got an encrusted buckler
 66900 | D:24     | Identified the +5 buckler of Untruth (You found it on level 24 of the Dungeon)
 66982 | D:24     | Found an iron altar of Okawaru.
 67012 | D:24     | Got a crude buckler
 67029 | D:24     | Identified the +2 buckler of Sunlight (You found it on level 24 of the Dungeon)
 67109 | D:25     | Entered Level 25 of the Dungeon
 67128 | D:25     | Found a sparkling altar of Nemelex Xobeh.
 67220 | D:25     | Found Puasaix's Distillery.
 67231 | D:25     | Bought a potion of heal wounds for 66 gold pieces
 67487 | D:25     | Reached skill level 27 in Stabbing
 67487 | D:25     | Reached XP level 26. HP: 128/128 MP: 39/43
 67842 | D:25     | Yermak: russian?
 67844 | D:25     | Adler: Hmm what?
 67845 | D:25     | Yermak: you
 67845 | D:25     | Yermak: Adler is russian city
 67851 | D:25     | Adler: Oh, is it?
 67854 | D:25     | Adler: Its also the german word for eagle.
 67854 | D:25     | Yermak: yeah :)
 67854 | D:25     | Yermak: :)
 67854 | D:25     | Yermak: nice
 67866 | D:25     | Received a gift from Okawaru
 67867 | D:25     | Adler: But I'm not german either, just american.
 67874 | D:25     | Adler: I just have some german heritage and enjoy the name.
 67880 | D:25     | Got a fine demon blade {god gift}
 67884 | D:25     | Identified the demon blade of Punishment {god gift, freeze, +Inv SInv} (Okawaru gifted it to you on level 25 of the Dungeon)
 67898 | D:25     | Yermak: I see
 68133 | D:25     | Adler: Never gotten super far on a spriggan. Must be nice to be able to stealth in and stab really dangerous guys.
 68139 | D:25     | Yermak: oh yeah
 68144 | D:25     | Adler: Also nice EV.
 68339 | D:26     | Adler: Doing three rune or more than that?
 68341 | D:26     | Yermak: 4 already
 68341 | D:26     | Yermak: And more I think
 68393 | D:26     | Adler: nice.
 68916 | D:26     | Adler: haha, man, being able to just killed all of them without any real fight.
 68921 | D:26     | Adler: of course that must make actual fights harder.
 68927 | D:26     | Yermak: yep
 68975 | D:26     | Received a gift from Okawaru
 69060 | D:26     | Got a crude sabre {god gift}
 69061 | D:26     | Identified the sabre "Vodyagur" {god gift, slice, rN+ Int+2} (Okawaru gifted it to you on level 26 of the Dungeon)
 69105 | D:26     | Found a snail-covered altar of Cheibriados.
 69334 | D:27     | Entered Level 27 of the Dungeon
 69394 | D:27     | Received a gift from Okawaru
 69446 | D:27     | Got an ichor-stained mottled dragon armour {god gift}
 69492 | D:27     | Identified the +0 mottled dragon armour of Light {god gift} (Okawaru gifted it to you on level 27 of the Dungeon)
 69700 | D:27     | Reached XP level 27. HP: 68/133 MP: 44/44
 69966 | D:27     | Noticed a golden dragon
 70413 | D:27     | Killed a golden dragon
 70502 | D:27     | Received a gift from Okawaru
 70503 | D:27     | Got an opalescent robe {god gift}
 70855 | D:27     | Identified the +2 robe of Klus {god gift} (Okawaru gifted it to you on level 27 of the Dungeon)
 71232 | Crypt:1  | Entered Level 1 of the Crypt
 73210 | Crypt:3  | Noticed Khufu
 73214 | Crypt:3  | Killed Khufu
 73668 | Crypt:3  | Found a staircase to the Tomb.
 74719 | Crypt:4  | Received a gift from Okawaru
 74720 | Crypt:4  | Got a crude troll leather armour {god gift}
 74747 | Crypt:4  | Identified the -1 troll leather armour of Absolutism {god gift} (Okawaru gifted it to you on level 4 of the Crypt)
 75139 | Crypt:4  | Reached skill level 27 in Short Blades
 75386 | Crypt:5  | Entered Level 5 of the Crypt
 75981 | Crypt:5  | Got a graven book
 75982 | Crypt:5  | Identified the Papyrus of Unreason (You found it on level 5 of the Crypt)
 76638 | Crypt:5  | Noticed an ancient lich
 76638 | Crypt:5  | Found an ancient bone altar of Kikubaaqudgha.
 76651 | Crypt:5  | Killed an ancient lich
 76652 | Crypt:5  | Noticed an ancient lich
 76794 | Crypt:5  | Noticed an ancient lich
 76907 | Crypt:5  | Killed an ancient lich
 76959 | Crypt:5  | Reached skill level 10 in Traps & Doors
 76970 | Crypt:5  | Yermak: FINALLY
 76992 | Crypt:5  | Killed an ancient lich
 77317 | Crypt:5  | Got a glistering book
 77318 | Crypt:5  | Identified the Handbook of the Three Lives (You found it on level 5 of the Crypt)
 77481 | Tomb:1   | Entered Level 1 of the Tomb of the Ancients
 77595 | Tomb:1   | Received a gift from Okawaru
 78045 | Tomb:2   | Noticed a greater mummy
 78323 | Tomb:2   | Noticed a greater mummy
 78328 | Tomb:2   | Noticed a greater mummy
 78455 | Tomb:2   | Noticed a greater mummy
 78472 | Tomb:2   | Killed a greater mummy
 78955 | D:16     | Got a flickering zirconium amulet
 78959 | D:16     | Got a droning book
 78960 | D:16     | Identified the Catalogue of Flamy Conjuration (You found it on level 16 of the Dungeon)
 79041 | D:16     | Identified the amulet of Doubt (You found it on level 16 of the Dungeon)
 79080 | D:15     | Yermak: laaags
 79342 | Lair:1   | Gained mutation: Your body is slowly deteriorating. [helix card]
 79344 | Lair:1   | Lost mutation: Your mind is acute (Int +1). [helix card]
 79689 | D:21     | Voluntarily entered the Abyss.
 79761 | Abyss    | Reached skill level 1 in Crossbows
 79960 | Abyss    | Reached skill level 15 in Long Blades
 80148 | Abyss    | duketide11: going for 15 with okawaru?
 80150 | Abyss    | Yermak: Yes
 80150 | Abyss    | Yermak: already 9 15-runned wins with Oka/Trog
 80166 | Abyss    | duketide11: oh wow
 80192 | Abyss    | duketide11: i always do the switch to TSO and/or Zin
 80865 | Abyss    | Received a gift from Okawaru
 82442 | Abyss    | Noticed an ancient lich
 82452 | Abyss    | Killed an ancient lich
 82862 | Abyss    | Received a gift from Okawaru
 82917 | Abyss    | Reached skill level 10 in Evocations
 83167 | Abyss    | Paralysed by a giant eyeball for 2 turns
 83405 | Abyss    | Found a corrupted altar of Lugonu.
 83407 | Abyss    | Got an abyssal rune of Zot
 83708 | D:21     | Escaped the Abyss.
 85137 | Tomb:2   | Killed a greater mummy
 85436 | Tomb:2   | Killed a greater mummy
 85594 | Tomb:1   | Noticed a greater mummy
 85602 | Tomb:1   | Killed a greater mummy
 85602 | Tomb:1   | Received a gift from Okawaru
 85603 | Tomb:1   | Got a transparent robe {god gift}
 85618 | Tomb:1   | Identified the -4 robe of Ghikaocs {god gift} (Okawaru gifted it to you on level 1 of the Tomb of the Ancients)
 85676 | Tomb:1   | Noticed a greater mummy
 85680 | Tomb:1   | Killed a greater mummy
 85727 | Tomb:1   | Noticed a greater mummy
 85745 | Tomb:1   | Killed a greater mummy
 85757 | Tomb:1   | Noticed a greater mummy
 85774 | Tomb:1   | Killed a greater mummy
 85813 | Tomb:1   | Noticed a greater mummy
 85857 | Tomb:1   | Killed a greater mummy
 85928 | Tomb:1   | Paralysed by a Zot trap for 4 turns
 85934 | Tomb:1   | Noticed a greater mummy
 85939 | Tomb:1   | Noticed a greater mummy
 85947 | Tomb:1   | Killed a greater mummy
 86242 | Tomb:1   | Killed a greater mummy
 86248 | Tomb:1   | Noticed a greater mummy
 86255 | Tomb:1   | Noticed a greater mummy
 86267 | Tomb:1   | Noticed a greater mummy
 86536 | D:17     | Bought a potion of heal wounds for 54 gold pieces
 86713 | Orc:2    | Bought 3 potions of might for 90 gold pieces
 86713 | Orc:2    | Bought a potion of curing for 24 gold pieces
 86713 | Orc:2    | Bought 2 potions of heal wounds for 72 gold pieces
 86713 | Orc:2    | Bought a potion of gain dexterity for 420 gold pieces
 86713 | Orc:2    | Bought a potion of heal wounds for 36 gold pieces
 86713 | Orc:2    | Bought a potion of heal wounds for 36 gold pieces
 87585 | Tomb:1   | Killed a greater mummy
 87630 | Tomb:1   | Killed a greater mummy
 87630 | Tomb:1   | Reached skill level 15 in Evocations
 87688 | Tomb:1   | Paralysed by a Zot trap for 4 turns
 87719 | Tomb:1   | Killed a greater mummy
 87729 | Tomb:1   | Noticed a greater mummy
 87738 | Tomb:1   | Noticed a greater mummy
 87740 | Tomb:1   | Killed a greater mummy
 87755 | Tomb:1   | Killed a greater mummy
 87988 | Tomb:2   | Received a gift from Okawaru
 88023 | Tomb:3   | Entered Level 3 of the Tomb of the Ancients
 88791 | Tomb:3   | Noticed a greater mummy
 88804 | Tomb:3   | Noticed a greater mummy
 88814 | Tomb:2   | Killed a greater mummy
 88814 | Tomb:2   | Reached skill level 15 in Fighting
 88988 | Tomb:3   | Noticed a greater mummy
 88998 | Tomb:2   | Killed a greater mummy
 89269 | Tomb:3   | Killed a greater mummy
 89287 | Tomb:3   | Noticed a greater mummy
 89949 | Lair:1   | Your ally Wuho died
 90691 | Tomb:2   | Killed a greater mummy
 90934 | Tomb:3   | Got a warped platinum ring
 90950 | Tomb:3   | Killed a greater mummy
 90966 | Tomb:3   | Noticed a greater mummy
 91066 | Tomb:3   | Noticed a greater mummy
 91070 | Tomb:3   | Noticed a greater mummy
 91220 | Tomb:2   | Killed a greater mummy
 91225 | Tomb:2   | Killed a greater mummy
 91331 | Tomb:3   | Noticed a greater mummy
 91337 | Tomb:3   | Killed a greater mummy
 91402 | Tomb:3   | Killed a greater mummy
 91554 | Tomb:3   | Yermak: damn, forgot about silence
 91567 | Tomb:3   | Got a colourful book
 91568 | Tomb:3   | Identified the Handbook of Scorching Combat Magic (You found it on level 3 of the Tomb of the Ancients)
 92056 | Crypt:3  | Learned a level 5 spell: Silence
 92675 | Tomb:3   | Noticed a greater mummy
 92694 | Tomb:3   | Killed a greater mummy
 92694 | Tomb:3   | Received a gift from Okawaru
 92706 | Tomb:3   | Got a scintillating ruby amulet
 92817 | Tomb:3   | Identified the amulet of Zeah (You took it off a guardian mummy on level 3 of the Tomb of the Ancients)
 92849 | Tomb:3   | Got a conspicuous book
 92850 | Tomb:3   | Identified the Papyrus of Supportive Snow (You found it on level 3 of the Tomb of the Ancients)
 92859 | Tomb:3   | Got a steaming granite ring
 92861 | Tomb:3   | Identified the ring of Disaster (You took it off a guardian mummy on level 3 of the Tomb of the Ancients)
 92879 | Tomb:3   | Got a smoking cloak
 92883 | Tomb:3   | Identified the +2 cloak of the Midnight Sun (You found it on level 3 of the Tomb of the Ancients)
 92883 | Tomb:3   | Yermak: nice
 92961 | Tomb:3   | Got a golden rune of Zot
 92981 | Tomb:3   | Identified the ring "Wisu" (You found it on level 3 of the Tomb of the Ancients)
 92983 | Tomb:3   | Yermak: Now with this cloak I can use ise dragon armour
 92983 | Tomb:3   | Yermak: Fir*
 92983 | Tomb:3   | Yermak: fire**
 93778 | Lair:1   | Learned a level 2 spell: Cure Poison
 94126 | Pan      | Entered Pandemonium
 94173 | Pan      | Noticed Thasm the pandemonium lord
 94274 | Pan      | Entered the realm of Mnoleg.
 94277 | Pan      | Yermak: tough level
 94277 | Pan      | Yermak: clarity or resist muttion
 94404 | Pan      | Noticed Mnoleg
 94407 | Pan      | Killed Mnoleg
 94414 | Pan      | Got a glowing rune of Zot
 94640 | Pan      | Found a white marble altar of Elyvilon.
 94792 | Pan      | Received a gift from Okawaru
 95916 | Pan      | Received a gift from Okawaru
 96229 | Pan      | Learned a level 4 spell: Control Teleport
 96719 | Pan      | Found a glowing golden altar of the Shining One.
 96720 | Pan      | Noticed a seraph
 96758 | Pan      | Killed a seraph
 96758 | Pan      | Received a gift from Okawaru
 96841 | Pan      | Got a wavering silver amulet
 96848 | Pan      | Identified the amulet of the Barnacle (You found it in Pandemonium)
 97166 | Pan      | Noticed Stetagri the pandemonium lord
 97317 | Pan      | Noticed Kamif the pandemonium lord
 97344 | Pan      | Killed Kamif the pandemonium lord
 97403 | Pan      | Entered the realm of Gloorx Vloq.
 97783 | Pan      | Noticed Gloorx Vloq
 97784 | Pan      | Killed Gloorx Vloq
 97784 | Pan      | Received a gift from Okawaru
 97832 | Pan      | Got a dark rune of Zot
 97869 | Pan      | Reached skill level 15 in Armour
 98361 | Pan      | Found an exit through the horrors of the Abyss.
 98387 | Pan      | Found a gateway to a ziggurat.
 98537 | Pan      | Noticed Qiathaz the pandemonium lord
 98544 | Pan      | Got a demonic rune of Zot
 98581 | Pan      | Received a gift from Okawaru
 98586 | Pan      | Got a steaming buckler {god gift}
 98634 | Pan      | Identified the +1 buckler of Slovenliness {god gift} (Okawaru gifted it to you in Pandemonium)
 98673 | Pan      | Entered the realm of Lom Lobon.
 98807 | Pan      | Yermak: I'm stupid moron
 99032 | Pan      | Learned a level 4 spell: Passage of Golubria
 99111 | Pan      | Noticed Lom Lobon
 99138 | Pan      | Killed Lom Lobon
 99157 | Pan      | Got a magical rune of Zot
 99395 | Pan      | Entered the realm of Cerebov.
 99746 | Pan      | Got a steaming jade ring
 99749 | Pan      | Identified the ring "Oraoximue" (You found it in Pandemonium)
 99779 | Pan      | Got a fiery rune of Zot
 99782 | Pan      | Noticed Cerebov
 99906 | Pan      | Got a bloodstained long sword
 99910 | Pan      | Identified the long sword of Watchfulness {drain, Dex-2} (You found it in Pandemonium)
 99939 | Pan      | Noticed Mytiocag the pandemonium lord
100180 | Pan      | Noticed Oskayb the pandemonium lord
100310 | Pan      | Noticed Vuug the pandemonium lord
100354 | Pan      | Killed Vuug the pandemonium lord
100380 | Pan      | Noticed Zidi the pandemonium lord
100405 | Pan      | Reached skill level 10 in Translocations
100674 | Pan      | Found a gateway to a ziggurat.
100800 | Pan      | Noticed Sem Cex the pandemonium lord
100875 | Pan      | Killed Sem Cex the pandemonium lord
100875 | Pan      | Received a gift from Okawaru
101130 | Pan      | Noticed Nojeosa the pandemonium lord
101148 | Pan      | Killed Nojeosa the pandemonium lord
101189 | Pan      | Got a colourful book
101190 | Pan      | Identified the Reference Book on Helpful Battle Magic (You found it in Pandemonium)
101202 | D:22     | Escaped the Pandemonium.
101512 | Lair:1   | Learned a level 7 spell: Controlled Blink
101522 | Lair:1   | Learned a level 5 spell: Phase Shift
101557 | Lair:1   | Your ally Noaniablec died
101615 | Lair:1   | Gained mutation: You are agile (Dex +1). [potion of gain dexterity]
101616 | Lair:1   | Gained mutation: Your mind is acute (Int +1). [potion of gain intelligence]
101617 | Lair:1   | Gained mutation: Your mind is acute (Int +2). [potion of gain intelligence]
101940 | Hell     | Entered the Vestibule of Hell
101940 | Hell     | Noticed Geryon
101960 | Hell     | Killed Geryon
101968 | Hell     | Noticed Murray
101998 | Hell     | Killed Murray
102125 | Hell     | Found a gateway to the Iron City of Dis.
102200 | Hell     | Found a gateway to the freezing wastes of Cocytus.
102301 | Hell     | Found a gateway to the decaying netherworld of Tartarus.
102362 | Hell     | Reached skill level 15 in Translocations
102375 | Tar:1    | Entered Level 1 of Tartarus
102595 | Tar:1    | Found a shimmering altar of Xom.
102963 | Tar:5    | Received a gift from Okawaru
103237 | Tar:7    | Entered Level 7 of Tartarus
103628 | Tar:7    | Received a gift from Okawaru
103629 | Tar:7    | Got a diamond-encrusted mottled dragon armour {god gift}
103647 | Tar:7    | Identified the +0 mottled dragon armour of Priann {god gift} (Okawaru gifted it to you on level 7 of Tartarus)
103721 | Tar:7    | Got a wavering golden ring
103838 | Tar:7    | Noticed Ereshkigal
103870 | Tar:7    | Killed Ereshkigal
103901 | Tar:7    | Got a glittering tin ring
103908 | Tar:7    | Got a bone rune of Zot
103917 | Tar:7    | Got an ancient buckler
103922 | Tar:7    | Identified the +3 buckler of Grekeb (You found it on level 7 of Tartarus)
104228 | Coc:1    | Entered Level 1 of Cocytus
104247 | Coc:1    | Yermak: wtf??!!!
104247 | Coc:1    | Yermak: hell effects override clarity!
104967 | Coc:7    | Entered Level 7 of Cocytus
104971 | Coc:7    | Noticed the Serpent of Hell
104997 | Coc:7    | Killed the Serpent of Hell
105180 | Coc:7    | Noticed Antaeus
105182 | Coc:7    | Got an icy rune of Zot
105184 | Coc:7    | Yermak: arr
105213 | Coc:7    | Got a jewelled buckler
105254 | Coc:7    | Reached skill level 15 in Spellcasting
105287 | Hell     | Identified the +7 buckler "Xiutusun" (You found it on level 7 of Cocytus)
105368 | Dis:1    | Entered Level 1 of the Iron City of Dis
105532 | Dis:1    | Received a gift from Okawaru
106056 | Dis:7    | Entered Level 7 of the Iron City of Dis
106187 | Dis:7    | Received a gift from Okawaru
106560 | Dis:7    | Noticed Dispater
106581 | Dis:7    | Got an iron rune of Zot
106630 | Hell     | Found a gateway to the ashen valley of Gehenna.
106660 | Geh:1    | Entered Level 1 of Gehenna
107050 | Geh:7    | Entered Level 7 of Gehenna
107369 | Geh:7    | Received a gift from Okawaru
107720 | Geh:7    | Noticed Asmodeus
107722 | Geh:7    | Got an obsidian rune of Zot
107956 | Zot:1    | Entered Level 1 of the Realm of Zot
107970 | Zot:1    | Noticed an orb of fire
107992 | Zot:1    | Killed an orb of fire
108036 | Zot:1    | Identified the ring of Perfectionism (You found it on level 7 of Tartarus)
108203 | Zot:2    | Received a gift from Okawaru
108204 | Zot:2    | Got a polished dagger {god gift}
108223 | Zot:1    | Identified the dagger "Miuwk" {god gift, speed, rC+ rN+ Dex+2 Stlth++} (Okawaru gifted it to you on level 2 of the Realm of Zot)
108579 | Zot:2    | Noticed a Killer Klown
108619 | Zot:2    | Killed a Killer Klown
108651 | Zot:2    | Noticed a golden dragon
108674 | Zot:2    | Killed a golden dragon
108677 | Zot:2    | Received a gift from Okawaru
108960 | Zot:3    | Identified the ring of Ghifredy (You found it on level 7 of Tartarus)
108985 | Zot:3    | Noticed a Killer Klown
109039 | Zot:3    | Killed a Killer Klown
109569 | Zot:4    | Noticed a Killer Klown
109586 | Zot:4    | Killed a Killer Klown
109732 | Zot:5    | Entered Level 5 of the Realm of Zot
110366 | Zot:5    | Received a gift from Okawaru
110367 | Zot:5    | Got a twisted robe {god gift}
110472 | Zot:5    | Reached skill level 10 in Transmutations
110483 | Zot:5    | Noticed an ancient lich
110532 | Zot:5    | Killed an ancient lich
110605 | Zot:5    | Noticed an orb of fire
110796 | Zot:5    | Noticed an orb of fire
110798 | Zot:5    | Noticed a Killer Klown
110799 | Zot:5    | Noticed an orb of fire
110802 | Zot:5    | Lost mutation: Your muscles are strong (Str +5). [an orb of fire]
110825 | Zot:5    | Gained mutation: You heal slowly. [an orb of fire]
110834 | Zot:5    | Identified the +2 robe "Fenio" {god gift} (Okawaru gifted it to you on level 5 of the Realm of Zot)
110864 | Zot:5    | Gained mutation: Your magical capacity is low (-10% MP). [an orb of fire]
110976 | Zot:5    | Killed an orb of fire
111270 | Zot:5    | Killed a Killer Klown
111415 | Zot:5    | Got the Orb of Zot
112000 | D:3      | Noticed Eterig the pandemonium lord
112076 | D:$      | Escaped with the Orb!
